 Dungeon Crawl Stone Soup version 0.31.0-12-g77e489cdc1 (webtiles) character file.

Game seed: 1902462814720113112

78988 chippings the Grappler (level 15, 0/126 HPs)
             Began as a Purple Draconian Shapeshifter on Mar 7, 2024.
             Was the Champion of Sif Muna.
             Slain by a spark wasp (10 damage)
             ... on level 1 of the Spider Nest.
             The game lasted 01:18:43 (24279 turns).

chippings the Grappler (DrSh)                      Turns: 24279, Time: 01:18:44

Health: 0/126      AC: 12    Str: 15    XL:     15   Next: 19%
Magic:  19/29      EV: 19    Int: 22    God:    Sif Muna [******]
Gold:   594        SH:  0    Dex: 12    Spells: 5/34 levels left

rFire   . .          .
                       - Unarmed
rCold   . . .        (shield currently unavailable)
rNeg    . . .        (body armour unavailable)
rPois   .            (helmet restricted)
rElec   .            K - scarf {+Inv}
rCorr   .            h - +0 pair of gloves
SInv    .            s - +1 pair of boots
Will    ++...        v - amulet of faith
Stlth   +            n - ring of wizardry
HPRegen 0.41/turn    G - +6 ring of intelligence
MPRegen 0.21/turn

%: faith, wizardry (x1)
@: flux-form, spewing sludge, glowing, very slow
A: glow, contaminating, breathe power, AC +9, unfitting armour, cold-blooded,
weak 1
a: Breathe Dispelling Energy, Begin Untransformation, Renounce Religion, Evoke
Invisibility, Channel Magic, Forget Spell, Divine Exegesis


You were on level 1 of the Spider Nest.
You worshipped Sif Muna.
Sif Muna was exalted by your worship.
You were something dangerously unstable.
You visited 5 branches of the dungeon, and saw 20 of its levels.
You also visited: Sewer and Bailey.

You collected 1840 gold pieces.
You spent 1246 gold pieces at shops.

Inventory:

Armour
 h - a +0 pair of gloves (worn)
 s - a +1 pair of boots (worn)
 K - a scarf of invisibility (worn)
Jewellery
 n - a ring of wizardry (left hand)
 q - a +5 ring of evasion
 v - an amulet of faith (around neck)
 x - a ring of see invisible
 G - a +6 ring of intelligence (right hand)
 H - a ring of poison resistance
 N - a ring of resist corrosion
Talismans
 c - a flux talisman (active)
 A - a maw talisman
Wands
 e - a wand of charming (29)
 k - a wand of iceblast (29)
 m - a wand of mindburst (6)
 E - a wand of light (4)
 L - a wand of polymorph (12)
 P - a wand of flame (11)
Scrolls
 d - 13 scrolls of teleportation
 g - 4 scrolls of fog
 i - 3 scrolls of immolation
 j - 8 scrolls of fear
 l - 3 scrolls of blinking
 p - 3 scrolls of silence {unknown}
 t - 5 scrolls of enchant armour
 u - 2 scrolls of amnesia {unknown}
 w - 2 scrolls of brand weapon {unknown}
 y - 3 scrolls of vulnerability
 z - a scroll of noise
 C - 2 scrolls of butterflies
 F - 4 scrolls of revelation
 I - a scroll of torment {unknown}
 J - a scroll of poison
 O - 2 scrolls of identify
 S - a scroll of enchant weapon {unknown}
Potions
 a - a potion of enlightenment
 f - 3 potions of haste
 o - a potion of mutation {unknown}
 r - 4 potions of brilliance
 B - 3 potions of attraction
 D - a potion of cancellation
 M - a potion of invisibility {unknown}
 T - a potion of lignification
 U - 4 potions of curing
 V - a potion of magic
 W - a potion of ambrosia
Miscellaneous
 Q - a condenser vane
 R - a box of beasts (inert)


   Skills:
 - Level 10.0 Fighting
 - Level 8.0 Dodging
 - Level 11.0 Unarmed Combat
 - Level 10.0 Spellcasting
 - Level 8.0 Conjurations
 + Level 5.4 Hexes
 - Level 8.0 Ice Magic
 - Level 8.0 Air Magic
 + Level 9.1 Alchemy
 + Level 4.8 Invocations
 - Level 4.0 Evocations
 + Level 9.9 Shapeshifting


You had 5 spell levels left.
You knew the following spells:

 Your Spells              Type           Power      Damage    Failure   Level
a - Mercury Vapours       Alch/Air       96%        N/A       1%          2
b - Mephitic Cloud        Conj/Alch/Air  47%        N/A       1%          3
c - Freezing Cloud        Conj/Ice/Air   23%        6-21      2%          5
d - Swiftness             Air            46%        N/A       1%          3
e - Irradiate             Conj/Alch      24%        3d19      1%          5
f - Yara's Violent Unrav  Hex/Alch       21%        3d10      3%          5
g - Eringya's Noxious Bo  Alch           25%        4d6       9%          6

Your spell library contained the following spells:

 Spells                   Type           Power      Damage    Failure   Level
 Foxfire                  Conj/Fire      100%       2x1d9     1%          1
 Freeze                   Ice            100%       1d10      1%          1
 Magic Dart               Conj           100%       1d8       1%          1
 Shock                    Conj/Air       100%       1d9       1%          1
 Sting                    Conj/Alch      100%       1d9       1%          1
 Cigotuvi's Dreadful Rot  Necr/Alch/Air  72%        N/A       1%          2
 Ensorcelled Hibernation  Hex/Ice        80%        N/A       1%          2
 Searing Ray              Conj           92%        2d7       1%          2
 Static Discharge         Conj/Air       92%        3-7/arc   1%          2
 Frozen Ramparts          Ice            92%        1d14      1%          3
 Hailstorm                Conj/Ice       46%        3d10      1%          3
 Airstrike                Air            23%        2d(4-20)  1%          4
 Fulminant Prism          Conj/Alch      24%        3d12      1%          4
 Apportation              Tloc           22%        N/A       2%          1
 Necrotise                Necr           44%        1d6       2%          1
 Summon Small Mammal      Summ           44%        N/A       2%          1
 Inner Flame              Hex/Fire       22%        N/A       2%          3
 Arcjolt                  Conj/Air       23%        1d33      2%          5
 Scorch                   Fire           22%        2d5       3%          2
 Flame Wave               Conj/Fire      28%        2d9       4%          4
 Summon Lightning Spire   Summ/Air       28%        N/A       4%          4
 Vhi's Electric Charge    Tloc/Air       56%        N/A       4%          4
 Silence                  Hex/Air        20%        N/A       4%          5
 Call Canine Familiar     Summ           11%        N/A       8%          3
 Passwall                 Erth           11%        N/A       8%          3
 Dimensional Bullseye     Hex/Tloc       11%        N/A       9%          4
 Fireball                 Conj/Fire      14%        3d8       13%         5
 Summon Blazeheart Golem  Fire/Summ      11%        N/A       24%         4
 Sculpt Simulacrum        Ice/Alch       24%        N/A       12%         6
 Conjure Ball Lightning   Conj/Air       23%        3x3d6     14%         6
 Plasma Beam              Fire/Air       14%        2x1d25    54%         6
 Summon Cactus Giant      Summ           5%         N/A       97%         6
 Maxwell's Capacitive Co  Air            23%        ∞         99%         8
 Ignition                 Fire           5%         3d4       100%        8
 Chain Lightning          Conj/Air       23%        3d30      100%        9


Dungeon Overview and Level Annotations

Branches:
Dungeon (11/15)            Temple (1/1) D:6            Lair (5/5) D:11
 Shoals (0/4) Lair:3       Spider (1/4) Lair:3        Slime (0/5) Lair:4
    Orc (2/2) D:10            Elf (0/3) Orc:2         Sewer (visited)
 Bailey (visited)

Altars:
Ashenzari
Cheibriados
Dithmenos
Elyvilon
Fedhas
Gozag
Hepliaklqana
Kikubaaqudgha
Makhleb
Nemelex Xobeh
Okawaru
Qazlal
Ru
Sif Muna
Trog
Uskayaw
Vehumet
Wu Jian
Xom
Yredelemnul
Zin
The Shining One

Shops:
D:5 ?   D:8 *   Orc:1 !*   Orc:2 !!:[*(

Portals:
Pandemonium: Orc:2
Trove: D:11 (give 9 potions of haste)

Annotations:
D:5 1 runed translucent door, Crazy Yiuf
D:10 5 runed translucent doors


Innate Abilities, Weirdness & Mutations

You are something dangerously unstable.
You glow with magical radiation, making you easy to see and hit.
Foes you strike become dangerously contaminated with magical radiation.
You are incapable of wielding weapons or throwing items.
You can breathe bolts of dispelling energy.
Your rich purple scales are hard. (AC +9)
You cannot fit into any form of body armour.
You are cold-blooded and may be slowed by cold attacks.
You are weak. (Str -2)


Message History

The wolf spider poisons you!
The spark wasp is engulfed in freezing vapours.
The jorogumo is engulfed in freezing vapours.
The spark wasp is engulfed in freezing vapours.
The spark wasp stings you! The spark wasp shocks you!
Unknown command.
Unknown command.
Unknown command.
Unknown command.
You punch the spark wasp!
The spark wasp begins to glow.
The spark wasp is moderately wounded.
You feel very sick.
The wolf spider is engulfed in freezing vapours.
The spark wasp is engulfed in freezing vapours.
The spark wasp stings you!! The spark wasp shocks you!
* * * LOW HITPOINT WARNING * * *
Unknown command.
You feel better.
The spark wasp is engulfed in freezing vapours.
The spark wasp stings you!
* * * LOW HITPOINT WARNING * * *
The spark wasp shocks you!
* * * LOW HITPOINT WARNING * * *
The wolf spider is engulfed in freezing vapours.
You kill the wolf spider!
Sif Muna accepts your kill.
The jorogumo is engulfed in freezing vapours.
The jorogumo festers in the toxic bog!
The jorogumo looks as sick as possible!
The jorogumo casts a spell at you. The bolt of negative energy misses you.
Unknown command.
You feel much better.
The spark wasp is engulfed in freezing vapours.
The spark wasp stings you!
* * * LOW HITPOINT WARNING * * *
The spark wasp shocks you!
* * * LOW HITPOINT WARNING * * *
The spark wasp is engulfed in freezing vapours.
The spark wasp stings you!
You die...

#..............[..
#.................
#......^.......
#......##.....
#.~~~~## ..
#.~~~..# #.~~~.##
##~~~## #.~p~.#
#.~yH§# #.~§§§#
#.~§~§s.H#
#.~~~~#......
#..........!.
#.^..........
##...........
##..........


You could see a jorogumo (extremely poisoned), a spark wasp (contam) and a
tarantella.

Vanquished Creatures
  An emperor scorpion (Spider:1)
  An orc warlord (Orc:2)
  A spark wasp (Spider:1)
  An entropy weaver (Spider:1)
  3 hydras
  2 vault guards (Bailey)
  A catoblepas (Lair:5)
  3 demonspawn (Orc:2)
  5 boulder beetles
  A deep troll shaman (Lair:5)
  A death scarab (Spider:1)
  3 death yaks (Lair:5)
  A demonic crawler (Spider:1)
  Urug (D:11)
  3 orc high priests (Orc:2)
  A sun demon (Orc:2)
  2 skysharks
  2 lindwurms
  5 orc knights
  Pikel (D:5)
  5 wolf spiders
  8 orc sorcerers (Orc:2)
  An ugly thing (D:10)
  A water nymph (Lair:3)
  23 elephants
  A torpor snail (Spider:1)
  An unseen horror (D:11)
  9 cane toads
  4 black mambas
  2 rime drakes
  A guardian mummy (D:11)
  6 komodo dragons
  A red devil (Orc:2)
  2 ice devils (Lair:2)
  A hellwing (Orc:2)
  2 polar bears
  A merfolk (Lair:3)
  Grinder (D:5)
  3 trolls
  28 blink frogs
  3 tarantellas (Spider:1)
  12 dream sheep (Lair:5)
  Prince Ribbit (Bailey)
  A shadow (D:9)
  A culicivora (Spider:1)
  Sigmund (D:3)
  A wyvern (D:8)
  A ynoxinul (Orc:2)
  64 yaks
  8 humans (Bailey)
  3 basilisks
  3 wargs
  4 redbacks (Spider:1)
  A steam dragon (D:4)
  Menkaure (D:6)
  2 acid dragons
  2 hell hounds (Lair:2)
  10 water moccasins
  40 orc warriors
  2 ice beasts
  A black bear (Lair:5)
  14 wolves
  2 centaurs
  9 ogres
  2 phantoms
  6 kobold brigands
  24 bullfrogs
  2 gnoll sergeants
  5 scorpions
  4 wights (D:9)
  12 killer bees
  5 howler monkeys
  3 electric eels
  35 orc priests
  4 jellies
  A hound (D:5)
  3 sleepcaps
  Ijyb (D:3)
  3 iguanas
  19 orc wizards
  5 hell rats (Lair:2)
  Robin (D:3)
  8 gnolls
  25 adders
  2 river rats
  A shadow imp (D:7)
  A white imp (D:6)
  4 ufetubi
  2 dart slugs (D:1)
  9 ribbon worms
  91 orcs
  14 endoplasms
  16 goblins
  13 hobgoblins
  2 jackals (D:1)
  8 quokkas
  8 ball pythons
  9 bats
  3 frilled lizards
  24 kobolds
  15 rats
717 creatures vanquished.

Notes
Turn   | Place    | Note
-------+----------+-------------------------------------------
     0 | D:1      | chippings the Draconian Shapeshifter began the quest for
                  | the Orb.
     0 | D:1      | Reached XP level 1. HP: 16/16 MP: 1/1
   245 | D:1      | Reached XP level 2. HP: 21/23 MP: 2/2
   711 | D:1      | Reached XP level 3. HP: 26/29 MP: 3/3
  1287 | D:2      | Reached XP level 4. HP: 36/36 MP: 4/4
  1296 | D:2      | Found a faded altar of an unknown god.
  1719 | D:3      | Reached skill level 4 in Unarmed Combat
  1937 | D:3      | Noticed Ijyb
  2002 | D:3      | Killed Ijyb
  2048 | D:3      | Noticed Robin
  2138 | D:3      | Reached XP level 5. HP: 42/42 MP: 5/5
  2150 | D:3      | Noticed Sigmund
  2158 | D:3      | Killed Sigmund
  2159 | D:3      | Reached XP level 6. HP: 46/51 MP: 6/6
  2288 | D:3      | Killed Robin
  2289 | D:3      | Reached skill level 5 in Unarmed Combat
  2620 | D:4      | Your scales start taking on a rich purple colour.
  2620 | D:4      | Reached XP level 7. HP: 58/58 MP: 7/7
  2738 | D:4      | Noticed a steam dragon
  2746 | D:5      | Entered Level 5 of the Dungeon
  3065 | D:5      | Noticed Grinder
  3092 | D:5      | Killed Grinder
  3093 | D:5      | Reached skill level 6 in Unarmed Combat
  3178 | D:5      | Found a glowing drain.
  3194 | Sewer    | Entered a sewer
  3653 | Sewer    | Reached XP level 8. HP: 67/67 MP: 8/8
  3956 | Sewer    | Reached skill level 5 in Shapeshifting
  4142 | D:5      | Noticed Pikel
  4164 | D:5      | Killed Pikel
  4165 | D:5      | Reached skill level 5 in Fighting
  4165 | D:5      | Reached skill level 7 in Unarmed Combat
  4185 | D:5      | Found Xaojyli Soerph's Magic Scroll Emporium.
  4225 | D:5      | Bought a scroll of blinking for 82 gold pieces
  4225 | D:5      | Bought a scroll of fog for 44 gold pieces
  4496 | D:4      | Reached skill level 5 in Dodging
  4547 | D:4      | Reached skill level 8 in Unarmed Combat
  4676 | D:4      | Reached XP level 9. HP: 42/75 MP: 9/9
  5132 | D:5      | Found a runed translucent door.
  5133 | D:5      | Noticed Crazy Yiuf
  5236 | D:5      | Found a shimmering altar of Xom.
  5476 | D:6      | Found a white marble altar of Elyvilon.
  5494 | D:6      | Noticed Menkaure
  5503 | D:6      | Killed Menkaure
  5580 | D:6      | Found a sparkling altar of Nemelex Xobeh.
  5580 | D:6      | Found a basalt altar of Yredelemnul.
  5585 | D:6      | Found a faded altar of an unknown god.
  5587 | D:6      | Found a faded altar of an unknown god.
  5588 | D:6      | Found a burning altar of Makhleb.
  5963 | D:6      | Found a staircase to the Ecumenical Temple.
  5972 | Temple   | Entered the Ecumenical Temple
  5995 | Temple   | Became a worshipper of Sif Muna the Loreminder
  6876 | D:8      | Found Liuvonok's General Store.
  6941 | D:8      | Bought a book of Vapours for 312 gold pieces
  6945 | D:8      | Learned a level 2 spell: Mercury Vapours
  7054 | D:8      | Found a radiant altar of Vehumet.
  7222 | D:8      | Found a blossoming altar of Fedhas.
  7447 | D:8      | Reached skill level 1 in Spellcasting
  7500 | D:8      | Reached * piety under Sif Muna
  7549 | D:8      | Reached skill level 1 in Air Magic
  7558 | D:8      | Reached skill level 1 in Alchemy
  7560 | D:8      | Reached skill level 1 in Evocations
  7680 | D:8      | Reached XP level 10. HP: 67/88 MP: 10/12
  7961 | D:9      | Learned a level 3 spell: Mephitic Cloud
  7969 | D:9      | Learned a level 5 spell: Freezing Cloud
  8304 | D:9      | Reached skill level 1 in Ice Magic
  8309 | D:9      | Reached skill level 1 in Conjurations
  8459 | D:9      | Reached ** piety under Sif Muna
  8620 | D:9      | Found a flagged portal.
  8636 | Bailey   | Entered a bailey
  9186 | Bailey   | Noticed Prince Ribbit
  9207 | Bailey   | Killed Prince Ribbit
  9283 | Bailey   | Noticed a vault guard
  9300 | Bailey   | Killed a vault guard
  9301 | Bailey   | Reached XP level 11. HP: 53/94 MP: 12/16
  9426 | Bailey   | Noticed a vault guard
  9453 | Bailey   | Killed a vault guard
  9866 | D:10     | Entered Level 10 of the Dungeon
  9968 | D:10     | Found the +9 staff of Olgreb {rPois∞}
  9989 | D:10     | Found a runed translucent door.
  9994 | D:10     | Noticed a wolf spider
  9994 | D:10     | Noticed a wolf spider
  9994 | D:10     | Noticed a wolf spider
  9994 | D:10     | Noticed a wolf spider
  9995 | D:10     | Found a runed translucent gate.
  9995 | D:10     | Found a runed translucent gate.
  9995 | D:10     | Noticed a wolf spider
  9996 | D:10     | Found a runed translucent door.
 10197 | D:10     | Noticed a brown ugly thing
 10207 | D:10     | Killed a purple ugly thing
 10340 | D:10     | Found a runed translucent gate.
 10455 | D:10     | Reached *** piety under Sif Muna
 10899 | D:10     | Found a staircase to the Orcish Mines.
 11465 | D:11     | Reached **** piety under Sif Muna
 11480 | D:11     | Found a staircase to the Lair.
 11589 | D:11     | Reached skill level 5 in Spellcasting
 12388 | D:11     | Noticed Urug
 12400 | D:11     | Killed Urug
 12401 | D:11     | Reached skill level 5 in Air Magic
 12559 | D:11     | Found a portal to a secret trove of treasure.
 12771 | Lair:1   | Entered Level 1 of the Lair of Beasts
 13122 | Lair:1   | Learned a level 3 spell: Swiftness
 13203 | Lair:1   | Reached XP level 12. HP: 79/103 MP: 20/20
 13934 | Lair:1   | Reached skill level 5 in Conjurations
 14190 | Lair:2   | Identified a scroll of acquirement
 14191 | Lair:2   | Acquired a book of Spontaneous Combustion
 14199 | Lair:2   | Learned a level 5 spell: Irradiate
 14303 | Lair:2   | Noticed an eight-headed hydra
 14309 | Lair:2   | Killed an eight-headed hydra
 14358 | Lair:2   | Reached ***** piety under Sif Muna
 14421 | Lair:2   | Reached skill level 9 in Unarmed Combat
 14875 | Lair:2   | Reached skill level 5 in Alchemy
 15021 | Lair:2   | Received a gift from Sif Muna
 15031 | Lair:2   | Got Sif Muna's Commentary on Fulmination and Ceraunoscopy
                  | {god gift}
 15623 | Lair:3   | Found a hole to the Spider Nest.
 15637 | Lair:3   | Reached skill level 5 in Ice Magic
 16017 | Lair:3   | Reached XP level 13. HP: 111/112 MP: 18/24
 16366 | Lair:3   | Reached skill level 10 in Fighting
 16522 | Lair:3   | Found a staircase to the Shoals.
 17597 | Lair:4   | Received a gift from Sif Muna
 17598 | Lair:4   | Got Sif Muna's Omnibus of Hermetica {god gift}
 17759 | Lair:4   | Reached skill level 10 in Unarmed Combat
 18428 | Lair:4   | Found a staircase to the Slime Pits.
 18650 | Lair:5   | Entered Level 5 of the Lair of Beasts
 18961 | Lair:5   | Reached XP level 14. HP: 19/121 MP: 15/26
 19843 | Lair:5   | Received a gift from Sif Muna
 19860 | Lair:5   | Got Hounick's Discourse on the Charmed Atmosphere {god
                  | gift}
 19867 | Lair:5   | Learned a level 5 spell: Yara's Violent Unravelling
 20136 | Lair:5   | Reached skill level 1 in Hexes
 20863 | Orc:1    | Entered Level 1 of the Orcish Mines
 20895 | Orc:1    | Learned a level 6 spell: Eringya's Noxious Bog
 20896 | Orc:1    | Found Baomyja's Assorted Antiques.
 21083 | Orc:1    | Reached ****** piety under Sif Muna
 21087 | Orc:1    | Received a gift from Sif Muna
 21093 | Orc:1    | Got Sif Muna's Precepts of Blasting {god gift}
 21228 | Orc:1    | Found Humpe's Distillery.
 21320 | Orc:1    | Reached skill level 11 in Unarmed Combat
 21586 | Orc:1    | Bought a potion of curing for 54 gold pieces
 21586 | Orc:1    | Bought a potion of brilliance for 72 gold pieces
 21728 | Orc:2    | Entered Level 2 of the Orcish Mines
 21798 | Orc:2    | Found Osyproix's Distillery.
 21813 | Orc:2    | Reached skill level 1 in Invocations
 21991 | Orc:2    | Found Sousch Sigh's Distillery.
 22127 | Orc:2    | Bought a potion of heal wounds for 70 gold pieces
 22127 | Orc:2    | Bought a potion of magic for 112 gold pieces
 22127 | Orc:2    | Bought a potion of curing for 42 gold pieces
 22127 | Orc:2    | Bought a potion of brilliance for 56 gold pieces
 22127 | Orc:2    | Bought a potion of brilliance for 56 gold pieces
 22127 | Orc:2    | Bought a potion of curing for 42 gold pieces
 22127 | Orc:2    | Bought a potion of ambrosia for 112 gold pieces
 22129 | Orc:2    | Bought a potion of curing for 36 gold pieces
 22129 | Orc:2    | Bought a potion of haste for 120 gold pieces
 22129 | Orc:2    | Bought a potion of curing for 36 gold pieces
 22337 | Orc:2    | Found Rosokh's Weapon Emporium.
 22341 | Orc:2    | Found Aenorr's Alliterative Armaments.
 22355 | Orc:2    | Found a staircase to the Elven Halls.
 22535 | Orc:2    | Received a gift from Sif Muna
 22541 | Orc:2    | Got Sif Muna's Atlas of Clouds {god gift}
 22800 | Orc:2    | Noticed an orc warlord
 22824 | Orc:2    | Killed an orc warlord
 22825 | Orc:2    | Reached skill level 10 in Spellcasting
 23218 | Orc:2    | Paralysed by an orc sorcerer for 2 turns
 23569 | Orc:2    | Reached XP level 15. HP: 126/126 MP: 26/29
 23569 | Orc:2    | Found Ysaebrom's Antique Armour Shop.
 23569 | Orc:2    | Found a one-way gate leading to the halls of Pandemonium.
 23569 | Orc:2    | Found Xiprep's Book Boutique.
 23719 | Spider:1 | Entered Level 1 of the Spider Nest
 23734 | Spider:1 | Received a gift from Sif Muna
 23745 | Spider:1 | Gained mutation: You are weak. (Str -2) [mutagenic glow]
 23868 | Spider:1 | Noticed an emperor scorpion
 23878 | Spider:1 | Killed an emperor scorpion
 23879 | Spider:1 | Reached skill level 5 in Hexes
 24279 | Spider:1 | Slain by a spark wasp

Illustrated notes

Levels and vault maps discovered:
D:1:      dpeg_arrival_three_same_balls, layout_basic
D:2:      layout_loops_ring, basic_ecumenical_altar, minmay_surrounded
D:3:      minmay_inner_zag, layout_basic, nicolae_goblin_pals, uniq_sigmund
D:4:      layout_cave_pools
D:5:      layout_basic, brannock_xom_greatest_gift,
          mainiacjoe_sewer_entry_somewhere_in_here_1, serial_shops,
          nicolae_shop_advertising_works [nicolae_subvault_shop_adworks],
          uniq_crazy_yiuf_cottage, uniq_grinder, uniq_pikel
D:6:      layout_cave_pools, elyvilon_altar_4,
          chequers_temple_overflow_minitemple, temple_hall, uniq_menkaure
D:7:      layout_basic, serial_corexii_hall, corexii_hall_statues_i,
          chequers_hall_statues_corner_a, corexii_hall_statues_deadend,
          chequers_hall_statues_wall_a, chequers_serial_rivers_small_b
D:8:      layout_loops_ring, kennysheep_little_box,
          mainiacjoe_overflow_boulevard, serial_shops, shop
D:9:      layout_roguey, enter_bailey_4
D:10:     layout_basic, kennysheep_orc_monster_closet_entryway,
          minmay_guarded_unrand_staff_of_olgreb
D:11:     layout_long_grid, erik_lair_orcish_takeover,
          nicolae_trove_entry_path_of_doom, uniq_urug
Temple:   nicolae_temple_bog_church
Lair:1:   layout_cave_pods
Lair:2:   layout_cellular_growth, portal_ice_cave_demonic_guard,
          enter_volcano_3, grunt_megastairs_1
Lair:3:   minmay_lair_venomous_thicket, layout_regular_city,
          nicolae_shoals_entry_flooding, spider_nest_entry_web_field,
          serial_bayou_pond_a
Lair:4:   layout_regular_city, slime_entry_2
Lair:5:   grunt_lair_end_beastmaster, layout_regular_city
Spider:1: layout_spider_delve
Orc:1:    layout_caves, serial_shops, nicolae_square_shop, shop,
          nicolae_orc_sculptors_studio, lightli_church_of_beogh
Orc:2:    pf_orc_diabolical, layout_caves, serial_shops, shop,
          monkooky_shop_alliterative

Skill      XL: |  1  2  3  4  5  6  7  8  9 10 11 12 13 14 15 |
---------------+----------------------------------------------+-----
Dodging        | 2 3 4 5 6 7 8 |  8.0
Fighting       | 2 3 4 5 7 8 9 10 | 10.0
Unarmed Combat | 4 5 6 8 9 10 11 | 11.0
Shapeshifting  | 4 5 7 8 9 |  9.9
Spellcasting   | 1 3 5 7 8 10 | 10.0
Air Magic      | 1 3 5 6 8 |  8.0
Alchemy        | 1 3 4 5 6 8 9 |  9.1
Evocations     | 1 3 4 |  4.0
Ice Magic      | 2 4 5 6 8 |  8.0
Conjurations   | 2 4 6 7 8 |  8.0
Hexes          | 4 5 |  5.4
Invocations    | 3 4 |  4.8

Action                     |  1- 3 |  4- 6 |  7- 9 | 10-12 | 13-15 || total
---------------------------+-------+-------+-------+-------+-------++-------
  Melee: Unarmed           |   106 |   113 |   401 |   789 |   695 ||  2104
         Punch             |     5 |     7 |     7 |       |       ||    19
         Tailslap          |     6 |    16 |    59 |   152 |   170 ||   403
   Cast: Mercury Vapours   |       |       |     1 |    48 |    18 ||    67
         Mephitic Cloud    |       |       |       |    16 |     1 ||    17
         Freezing Cloud    |       |       |       |    17 |    65 ||    82
         Swiftness         |       |       |       |     1 |       ||     1
         Irradiate         |       |       |       |     6 |    49 ||    55
         Eringya's Noxious |       |       |       |       |     5 ||     5
 Invoke: Channel Magic     |       |       |       |       |     1 ||     1
Ability: Begin Untransform |     1 |     1 |       |     1 |       ||     3
         Breathe Dispellin |       |       |     2 |     2 |       ||     4
  Evoke: Wand              |       |       |     2 |    10 |     1 ||    13
         Box of beasts     |       |       |       |       |     1 ||     1
    Use: Potion            |       |     3 |     7 |     4 |     3 ||    17
         Scroll            |       |       |     4 |    11 |     1 ||    16
   Stab: Sleeping          |     2 |     1 |       |       |       ||     3
         Confused          |       |       |       |    17 |       ||    17
 Armour: Skin              |    46 |    54 |   184 |   338 |   331 ||   953
  Dodge: Dodged            |    54 |    55 |   260 |   623 |   568 ||  1560
   Form: Beast             |     1 |     2 |       |       |       ||     3
         Flux              |       |     1 |     1 |     2 |     4 ||     8
         Maw               |       |       |       |     1 |     4 ||     5
